 Dungeon Crawl Stone Soup version 0.29-a0-914-g906f1d757c (webtiles) character file.

Game seed: 6772940322201501612

42055 Aviak the Blocker (level 14, 0/103 HPs)
             Began as a Djinni Fire Elementalist on July 26, 2022.
             Was a High Priest of Makhleb.
             Slain by a death yak (21 damage)
             ... on level 4 of the Lair of Beasts.
             The game lasted 00:49:12 (22085 turns).

Aviak the Blocker (Djinni Fire Elementalist)       Turns: 22085, Time: 00:49:13

Health: 0/103      AC:  9    Str: 13    XL:     14   Next: 53%
Gold:   1035       EV: 14    Int: 22    God:    Makhleb [*****.] SH: 12 Dex: 16

rFire   + . .      SeeInvis .   u - +4 flail of the Mosquito {elec, Fly rPois}
rCold   + . .      Faith    .   e - +0 kite shield
rNeg    . . .      Spirit   .   z - +1 robe of Dishonesty {rPois Str+4 Dex+2}
rPois   ∞          Reflect  .   P - +1 helmet
rElec   .          Harm     .   I - +0 cloak
rCorr   .          Rampage  .   X - +2 pair of gloves of Enlach {Str+2}
Will    +....                   (boots unavailable)
Stlth   ++........              v - amulet of the acrobat
HPRegen 0.27/turn               C - ring of protection from cold
MPRegen 0.00/turn               V - ring of ice

@: flying, very slightly contaminated
A: sickness immunity, fire resistance 2, cold vulnerability 1, float, innate
caster, HP casting, extra vitality 1
a: Renounce Religion, Minor Destruction, Lesser Servant of Makhleb, Major
Destruction, Greater Servant of Makhleb


You were on level 4 of the Lair of Beasts.
You worshipped Makhleb.
Makhleb was extremely pleased with you.
You visited 4 branches of the dungeon, and saw 17 of its levels.
You also visited: Ice Cave.

You collected 1075 gold pieces.
You spent 40 gold pieces at shops.

Inventory:

Hand Weapons
 u - the +4 flail of the Mosquito (weapon) {elec, Fly rPois}
   (You found it on level 5 of the Dungeon)

   It occasionally discharges a powerful burst of electricity upon striking a
   foe.
   rPois:     It protects you from poison.
   Fly:       It grants you flight.
Missiles
 S - 3 throwing nets {!f}
Armour
 e - a +0 kite shield (worn)
 z - the +1 robe of Dishonesty (worn) {rPois Str+4 Dex+2}
   (You found it on level 5 of the Dungeon)

   Str:       It affects your strength (+4).
   Dex:       It affects your dexterity (+2).
   rPois:     It protects you from poison.
 F - the +2 ring mail "Ogemeff" {+Inv rCorr Str-5}
   (You found it on level 7 of the Dungeon)

   Str:       It affects your strength (-5).
   +Inv:      It lets you turn invisible.
   rCorr:     It protects you from acid and corrosion.
 I - a +0 cloak (worn)
 P - a +1 helmet (worn)
 X - the +2 pair of gloves of Enlach (worn) {Str+2}
   (You found it on level 3 of the Lair of Beasts)

   Str:       It affects your strength (+2).
Magical Staves
 l - a staff of earth
 O - a staff of air {rElec}
Jewellery
 b - a ring of wizardry
 v - an amulet of the acrobat (around neck)
 C - a ring of protection from cold (left hand)
 E - a +4 ring of evasion
 T - a +4 ring of slaying
 V - a ring of ice (right hand)
 Z - a ring of see invisible
Wands
 q - a wand of charming (26)
 r - a wand of mindburst (6)
 A - a wand of flame (38)
 H - a wand of digging (7)
 R - a wand of polymorph (8)
 U - a wand of iceblast (6)
Scrolls
 i - a scroll of identify
 j - 4 scrolls of fear
 k - 4 scrolls of enchant weapon
 m - 3 scrolls of fog
 n - 2 scrolls of enchant armour
 s - a scroll of magic mapping
 t - 3 scrolls of teleportation
 M - 2 scrolls of immolation
 N - a scroll of brand weapon
Potions
 a - 3 potions of attraction
 c - 6 potions of curing
 d - 3 potions of ambrosia
 f - 4 potions of haste
 g - 3 potions of brilliance
 h - a potion of heal wounds
 o - 5 potions of might
 p - 2 potions of berserk rage {unknown}
 w - a potion of resistance
 y - 3 potions of lignification {!q}
 K - a potion of invisibility
 L - 2 potions of mutation {unknown}
 W - a potion of degeneration {unknown}
Miscellaneous
 D - a piece from Xom's chessboard (15/15)


   Skills:
 + Level 10.6 Fighting
 - Level 5.0 Maces & Flails
 - Level 7.0 Dodging
 - Level 1.5 Stealth
 - Level 10.6 Shields
 - Level 10.1 Spellcasting
 + Level 8.8 Invocations
 - Level 8.5 Evocations


You had 2 spell levels left.
You knew the following spells:

 Your Spells              Type           Power      Damage    Failure   Level
a - Foxfire               Conj/Fire      100%       2x1d9     1%          1
b - Scorch                Fire           100%       2d10      1%          2
c - Conjure Flame         Conj/Fire      54%        6-21      1%          3
d - Inner Flame           Hex/Fire       54%        N/A       1%          3
e - Flame Wave            Conj/Fire      54%        2d11      1%          4
f - Summon Small Mammal   Summ           100%       N/A       1%          1
g - Passwall              Tmut/Erth      45%        N/A       1%          2
h - Ensorcelled Hibernat  Hex/Ice        100%       N/A       1%          2
i - Summon Mana Viper     Hex/Summ       54%        N/A       5%          5
r - Call Canine Familiar  Summ           54%        N/A       1%          3
w - Irradiate             Conj/Tmut      27%        3d20      5%          5
Your spell library was empty.

Dungeon Overview and Level Annotations

Branches:
Dungeon (11/15) Zot: 25966  Temple (1/1) D:7 Zot: 5741    Lair (4/5) D:8 Zot: 18263
  Swamp (1/4) Lair:2 Zot: 5998   Snake (0/4) Lair:2        Slime (0/5) Lair:4
    Orc (0/2) D:10          IceCv (visited)

Altars:
Ashenzari
Cheibriados
Dithmenos
Elyvilon
Fedhas
Gozag
Hepliaklqana
Makhleb
Nemelex Xobeh
Okawaru
Qazlal
Ru
Trog
Uskayaw
Wu Jian
Xom
Yredelemnul
Zin
The Shining One
Jiyva

Shops:
D:9 *


Innate Abilities, Weirdness & Mutations

You are immune to sickness and miasma.
You are immune to poison.
Your flesh is very heat resistant. (rF++)
You are vulnerable to cold. (rC-)
You float through the air rather than walking.
You learn spells naturally, not from books.
Your magical power is your life essence.
You have superior vitality. (+4 MHP)


Message History

Casting: Scorch (safe; 1% risk of failure)
Confirm with . or Enter, or press ? or * to list all spells.
Flames lash the death yak.
The death yak is burned terribly!
The death yak is moderately wounded.
The death yak is engulfed in blazing flames.
The death yak gores you!!
Casting: Scorch (safe; 1% risk of failure)
Confirm with . or Enter, or press ? or * to list all spells.
Flames lash the yak.
The yak is lightly wounded.
The yak's fire resistance burns away.
The death yak is engulfed in blazing flames.
The death yak misses you.
Casting: Scorch (safe; 1% risk of failure)
Confirm with . or Enter, or press ? or * to list all spells.
Flames lash the death yak.
The death yak is burned terribly!
The death yak is severely wounded.
The death yak is engulfed in blazing flames.
The death yak gores you but does no damage.
Casting: Scorch (safe; 1% risk of failure)
Confirm with . or Enter, or press ? or * to list all spells.
Flames lash the yak.
The yak is heavily wounded.
The yak's fire resistance burns away.
The death yak gores you!
* * * LOW HITPOINT WARNING * * *
Casting: Scorch (safe; 1% risk of failure)
Confirm with . or Enter, or press ? or * to list all spells.
Flames lash the yak.
The yak is burned terribly!
You kill the yak!
Makhleb accepts your kill.
* * * LOW HITPOINT WARNING * * *
The yak is no longer more vulnerable to fire.
The death yak closely misses you.
Casting: Scorch (safe; 1% risk of failure)
Confirm with . or Enter, or press ? or * to list all spells.
Flames lash the death yak but do no damage.
* * * LOW HITPOINT WARNING * * *
The yak is no longer more vulnerable to fire.
The death yak gores you!!
You die...

### ##.#### *****
###P.P#Y####.#,*******
#....@YY......,,,,,,,,
##..####+..###*,,,,,*,
#..#**,,,*#≈≈,,,,,,,*
#..#*,,,,*≈≈****,,,,,
#..#,,,,**≈,≈≈**,,,,,
#..##,,,,**,,,≈**,,,,
#...#,,,,,**,,**,....
##...#*,*..****#.,....
#...#####.##......,#..


You could see a death yak (combustible) and 2 yaks.

Vanquished Creatures
  Fannar (Lair:2)
  Erica (D:8)
  3 hydras
  2 two-headed ogres
  6 death yaks (Lair:4)
  Sonja (Lair:2)
  A deep troll (Lair:1)
  A deep elf pyromancer (D:8)
  3 black mambas
  8 elephants (Lair:4)
  A manticore (D:11)
  Maurice (D:9)
  A torpor snail (Lair:1)
  A gargoyle (D:10)
  15 cane toads
  2 rime drakes
  A freezing wraith (IceCv)
  3 komodo dragons
  2 ice devils (Lair:4)
  A troll (shapeshifter) (D:10)
  3 trolls (D:11)
  Grinder (D:4)
  10 blink frogs
  3 polar bears (Lair:4)
  A dire elephant simulacrum (IceCv)
  A wraith (D:11)
  A vampire (D:10)
  9 wyverns
  39 yaks
  Eustachio (D:5)
  9 vampire mosquitoes
  2 basilisks
  2 harpy simulacra (IceCv)
  3 nagas (Lair:2)
  8 water moccasins
  3 orc warriors
  2 ice beasts
  A black bear (Lair:3)
  2 ogres
  A boggart (D:10)
  4 wolves (Lair:1)
  2 phantoms
  3 centaurs
  5 kobold brigands
  12 bullfrogs
  2 gnoll sergeants
  5 necrophages
  2 cane toad simulacra (IceCv)
  5 scorpions
  16 killer bees
  3 howler monkeys (D:7)
  3 hounds
  5 jellies
  3 orc priests
  2 gnoll boudas
  8 orc wizards
  2 iguanas
  A polar bear simulacrum (IceCv)
  15 gnolls
  7 adders
  4 shadow imps
  A white imp (D:6)
  An ufetubus (D:6)
  5 dart slugs
  20 orcs
  3 bats (D:1)
  10 endoplasms
  2 giant cockroaches
  5 goblins
  10 hobgoblins
  3 jackals (D:1)
  A quokka (D:3)
  7 ball pythons
  2 frilled lizards (D:1)
  32 kobolds
  7 rats
375 creatures vanquished.

Vanquished Creatures (collateral kills)
  A boulder beetle (D:8)
  2 cane toads (Lair:4)
  A komodo dragon (Lair:1)
  3 yaks
  2 vampire mosquitoes (D:8)
  A basilisk (D:8)
  2 water moccasins
  An orc warrior (D:9)
  A wolf (Lair:1)
  3 bullfrogs
  2 killer bees (D:8)
  2 orc wizards
  A white imp (D:8)
  4 orcs
  9 foxfires
35 creatures vanquished.

Vanquished Creatures (others)
  A komodo dragon (D:8)
  An ogre (D:5)
  A bullfrog (D:5)
  A scorpion (D:5)
  A hound (D:5)
  2 adders (D:5)
  447 foxfires
  21 fungi
  42 plants
517 creatures vanquished.

Grand Total: 927 creatures vanquished

Notes
Turn   | Place    | Note
-------+----------+-------------------------------------------
     0 | D:1      | Aviak the Djinni Fire Elementalist began the quest for the
                  | Orb.
     0 | D:1      | Aviak set off with the following spells memorised: Foxfire,
                  | Scorch, Conjure Flame, Inner Flame, Flame Wave.
     0 | D:1      | Reached XP level 1. HP: 15/15 MP: 0/0
   235 | D:1      | Reached XP level 2. HP: 18/22 MP: 0/0
   468 | D:1      | Reached skill level 1 in Fighting
   603 | D:1      | Reached XP level 3. HP: 23/27 MP: 0/0
   603 | D:1      | Learned a level 1 spell: Summon Small Mammal
  1653 | D:2      | Found a faded altar of an unknown god.
  1829 | D:2      | Reached XP level 4. HP: 22/32 MP: 0/0
  3275 | D:3      | Found an iron altar of Okawaru.
  3607 | D:4      | Noticed a scorpion
  3614 | D:4      | Killed a scorpion
  3615 | D:4      | Reached XP level 5. HP: 26/39 MP: 0/0
  3615 | D:4      | Learned a level 2 spell: Passwall
  3861 | D:4      | Noticed an orc warrior
  3929 | D:4      | Noticed an ogre
  3933 | D:4      | Killed an ogre
  3934 | D:4      | Reached XP level 6. HP: 41/46 MP: 0/0
  4138 | D:4      | Reached XP level 7. HP: 44/50 MP: 0/0
  4138 | D:4      | Learned a level 2 spell: Ensorcelled Hibernation
  4310 | D:4      | Noticed Grinder
  4317 | D:4      | Killed Grinder
  4318 | D:4      | Reached skill level 5 in Spellcasting
  5079 | D:5      | Entered Level 5 of the Dungeon
  5102 | D:5      | Identified the +4 flail of the Mosquito {elec, Fly rPois}
  5106 | D:5      | Found a glowing silver altar of Zin.
  5326 | D:5      | Reached XP level 8. HP: 46/58 MP: 0/0
  5472 | D:5      | Found a large runed translucent door.
  5473 | D:5      | Found a large runed translucent door.
  5717 | D:5      | Found a bloodstained altar of Trog.
  5770 | D:5      | Reached skill level 1 in Maces & Flails
  5989 | D:5      | Found a shimmering altar of Xom.
  6074 | D:5      | Reached skill level 5 in Fighting
  6290 | D:5      | Identified the +1 robe of Dishonesty {rPois Str+4 Dex+2}
  6344 | D:5      | Noticed Eustachio
  6352 | D:5      | Killed Eustachio
  6633 | D:6      | Reached XP level 9. HP: 62/65 MP: 0/0
  6633 | D:6      | Learned a level 3 spell: Call Canine Familiar
  8096 | D:7      | Found a staircase to the Ecumenical Temple.
  8105 | Temple   | Entered the Ecumenical Temple
  8330 | Temple   | Became a worshipper of Makhleb the Destroyer
  8384 | D:7      | Found a hide-covered altar of Uskayaw.
  8625 | D:7      | Reached XP level 10. HP: 21/75 MP: 0/0
  8738 | D:7      | Reached * piety under Makhleb
  9055 | D:7      | Found a stormy altar of Qazlal.
  9352 | D:7      | Identified the +2 ring mail "Ogemeff" {+Inv rCorr Str-5}
  9382 | D:7      | Reached skill level 1 in Invocations
  9810 | D:8      | Noticed Erica
  9822 | D:8      | HP: 2/75 [cloud of flame (10)]
  9822 | D:8      | Killed Erica
  9831 | D:8      | Found a shadowy altar of Dithmenos.
 10243 | D:8      | Reached skill level 5 in Dodging
 10297 | D:8      | Found a glowing golden altar of the Shining One.
 10325 | D:8      | Found a staircase to the Lair.
 10748 | D:7      | Reached XP level 11. HP: 30/79 MP: 0/0
 10748 | D:7      | Learned a level 5 spell: Summon Mana Viper
 10748 | D:7      | Reached ** piety under Makhleb
 10942 | D:8      | Reached skill level 5 in Invocations
 11391 | D:8      | Reached skill level 1 in Shields
 11444 | D:8      | Noticed a two-headed ogre
 11452 | D:8      | Killed a two-headed ogre
 11614 | D:8      | Noticed a deep elf pyromancer
 11620 | D:8      | Killed a deep elf pyromancer
 11849 | D:8      | Noticed a boulder beetle
 11870 | D:8      | Killed a boulder beetle
 12131 | D:8      | Noticed a centaur warrior
 12142 | D:8      | Noticed a skeletal warrior
 12775 | D:9      | Noticed Maurice
 12784 | D:9      | Killed Maurice
 13361 | D:9      | Reached skill level 5 in Shields
 13522 | D:9      | Found Degheph's Fire Supplies.
 13528 | D:9      | Bought a scroll of immolation for 40 gold pieces
 13713 | D:9      | Found a sparkling altar of Nemelex Xobeh.
 13755 | D:10     | Entered Level 10 of the Dungeon
 14068 | D:10     | Found a sacrificial altar of Ru.
 14123 | D:10     | Found a staircase to the Orcish Mines.
 14138 | D:10     | Reached *** piety under Makhleb
 14430 | D:10     | Reached XP level 12. HP: 68/86 MP: 0/0
 14984 | D:11     | Noticed an eight-headed hydra
 14991 | D:11     | Killed an eight-headed hydra
 14992 | D:11     | Reached skill level 1 in Evocations
 15818 | D:11     | Noticed a two-headed ogre
 15830 | D:11     | Killed a two-headed ogre
 16009 | Lair:1   | Entered Level 1 of the Lair of Beasts
 16027 | Lair:1   | You are sucked into a shaft and drop 1 floor!
 16071 | Lair:2   | Found a staircase to the Snake Pit.
 16240 | Lair:2   | Noticed Fannar
 16242 | Lair:2   | Noticed Sonja
 16548 | Lair:1   | Reached **** piety under Makhleb
 16693 | Lair:1   | Noticed a four-headed hydra
 16706 | Lair:1   | Killed a four-headed hydra
 16707 | Lair:1   | Reached XP level 13. HP: 60/94 MP: 0/0
 16707 | Lair:1   | Learned a level 5 spell: Irradiate
 16983 | Lair:1   | Reached skill level 5 in Evocations
 17411 | Lair:1   | Reached skill level 10 in Fighting
 18015 | Lair:2   | Killed Sonja
 18021 | Lair:2   | Killed Fannar
 18360 | Lair:2   | Found a staircase to the Swamp.
 18812 | Swamp:1  | Entered Level 1 of the Swamp
 19113 | Lair:3   | Reached ***** piety under Makhleb
 19211 | Lair:3   | Identified the +2 pair of gloves of Enlach {Str+2}
 19595 | Lair:4   | Noticed a six-headed hydra
 19623 | Lair:4   | Killed a six-headed hydra
 19800 | Lair:4   | Reached skill level 10 in Shields
 19833 | Lair:4   | Found a frozen archway.
 19852 | IceCv    | Entered an ice cave
 19871 | IceCv    | Found a transporter.
 19878 | IceCv    | Reached XP level 14. HP: 28/103 MP: 0/0
 20174 | IceCv    | Found a transporter.
 20507 | Lair:4   | Found a viscous altar of Jiyva.
 20507 | Lair:4   | Found a staircase to the Slime Pits.
 20569 | Lair:4   | Reached skill level 10 in Spellcasting
 22079 | Lair:4   | Reached skill level 5 in Maces & Flails
 22085 | Lair:4   | Slain by a death yak

Illustrated notes

Levels and vault maps discovered:
D:1:      lordsloth_arrival_two_stooges, layout_loops_ring, serial_bayou_ford_a
D:2:      layout_basic, ebering_ecumenical_altar_mist, grunt_ministairs_8,
          minmay_liquid_box
D:3:      layout_rooms, mainiacjoe_overflow_24_doors
D:4:      layout_gridville, guppyfry_early_orc_mine, uniq_grinder
D:5:      layout_loops_ring, xom_confusion_cloud,
          nicolae_overflow_crystal_walls, amcnicky_altar_gilded,
          jmf_multi_god_temple2, serial_co_window_serial, co_window_paths_a,
          co_window_paths_a, co_window_corner_a, co_window_corner_a,
          co_window_corner_a, co_window_broadway_a, co_window_broadway_a,
          co_window_corner_ca, co_window_broadway_a, co_window_unsneaky_path_d,
          co_window_corner_ca, glass_columns_b, uniq_eustachio
D:6:      layout_cave_pods
D:7:      layout_loops_cross, eat_drink_and_be_merry_uskayaw,
          grunt_qazlal_clouds, temple_statues, hellmonk_bongcloud_opening
D:8:      minmay_the_grid_plus_closed [minmay_the_grid_zigzag_pyramid,
          minmay_the_grid_stretched_grid, minmay_the_grid_large_cup,
          minmay_the_grid_holed_spiral, minmay_the_grid_prize_trominoes],
          layout_basic, kennysheep_mini, grunt_dithmenos_smoke_and_mirrors,
          minmay_lair_entry_grove, uniq_erica
D:9:      layout_roguey, nemelex_altar_shiori, nicolae_shop_fire_sale
          [nicolae_sub_dead_trees], uniq_maurice
D:10:     layout_stronghold, pf_just_have_faith, david_orc_2,
          minmay_misc_feat_chi, minivault_23, minivault_20
D:11:     layout_loops_ring, corexii_leaking_fountain, grunt_ministairs_6
Temple:   jpeg_temple_alley_garden
Lair:1:   dreamdust_cave_troll, layout_regular_city, lemuel_fruit_tree,
          grunt_megastairs_3
Lair:2:   layout_loops_ring, swamp_mist, guppyfry_snake_entry_island,
          uniq_fannar, uniq_sonja
Lair:3:   layout_misc_corridors
Lair:4:   layout_regular_city, dpeg_slime_entry_enclosed,
          portal_ice_cave_demonic_guard, beast_lair_carwin_6
Swamp:1:  layout_basic_swamp, evilmike_swamp_ruin_rubble_1, st_swamp_ruins_2

Skill      XL: |  1  2  3  4  5  6  7  8  9 10 11 12 13 14 |
---------------+-------------------------------------------+-----
Fighting       | 1 2 3 4 5 7 9 10 | 10.6
Spellcasting   | 3 4 5 6 8 9 10 | 10.1
Maces & Flails | 2 3 4 5 |  5.0
Invocations    | 4 8 |  8.8
Dodging        | 6 7 |  7.0
Shields        | 5 8 10 | 10.6
Evocations     | 4 7 8 |  8.5
Stealth        | |  1.5

Action                   |  1- 3 |  4- 6 |  7- 9 | 10-12 | 13-15 || total
-------------------------+-------+-------+-------+-------+-------++-------
Melee: Unarmed           |     1 |       |       |       |       ||     1
       Staff             |     2 |     5 |       |       |       ||     7
       Flail             |       |       |       |    12 |    14 ||    26
 Cast: Foxfire           |    74 |    83 |    64 |    25 |    35 ||   281
       Scorch            |    12 |    19 |    88 |   237 |   188 ||   544
       Conjure Flame     |       |       |    23 |    24 |    14 ||    61
       Flame Wave        |       |       |     2 |    12 |    32 ||    46
       Inner Flame       |       |       |    10 |    14 |     3 ||    27
       Call Canine Famil |       |       |     2 |    18 |    14 ||    34
       Ensorcelled Hiber |       |       |     2 |       |     1 ||     3
       Passwall          |       |       |       |     1 |       ||     1
       Summon Mana Viper |       |       |       |     9 |     3 ||    12
       Irradiate         |       |       |       |       |    11 ||    11
Invok: Major Destruction |       |       |       |       |     2 ||     2
Evoke: Wand              |       |       |     2 |    10 |     6 ||    18
       Piece from Xom's  |       |       |       |     1 |       ||     1
  Use: Scroll            |       |     4 |     4 |    10 |     9 ||    27
       Potion            |       |       |       |     8 |     1 ||     9
Armor: Leather armour    |     3 |     3 |       |       |       ||     6
       Robe              |       |       |       |    10 |    16 ||    26
Dodge: Dodged            |     5 |     3 |    13 |   116 |    87 ||   224
Block: Kite shield       |       |       |       |    81 |    86 ||   167

Table legend: (Time is in decaauts)
 A = Elapsed time spent in this place.
 B = Non-inter-level travel time spent in this place.
 C = Inter-level travel time spent in this place.
 D = Time resting spent in this place.
 E = Time spent auto-exploring this place.
 F = Levels seen in this place.
 G = Mean time per level.
                   A        B        C        D        E       F      G
               +--------+--------+--------+--------+--------+-----+--------+
         Total |  22074 |  21404 |    670 |   4286 |  14145 |  18 | 1226.3 |
       Dungeon |  15751 |  15259 |    492 |   3030 |  10249 |  11 | 1431.9 |
        Temple |    258 |    176 |     82 |      0 |    170 |   1 |  258.0 |
          Lair |   5735 |   5639 |     96 |    982 |   3726 |   4 | 1433.8 |
         Swamp |      1 |      1 |      0 |      0 |      0 |   1 |    1.0 |
      Ice Cave |    327 |    327 |      0 |    274 |      0 |   1 |  327.0 |
               +--------+--------+--------+--------+--------+-----+--------+

Top non-repeatable levels by time:
     D:7: 2606 daAuts
  Lair:4: 2167 daAuts
     D:8: 1888 daAuts
  Lair:1: 1754 daAuts
     D:5: 1549 daAuts
     D:4: 1519 daAuts
     D:6: 1417 daAuts
    D:10: 1373 daAuts
     D:1: 1357 daAuts
     D:2: 1326 daAuts
  Lair:2: 1082 daAuts
     D:9: 983 daAuts
     D:3: 874 daAuts
    D:11: 855 daAuts
  Lair:3: 730 daAuts
